 Dungeon Crawl Stone Soup version 0.22-a0-553-g9358b0b (webtiles) character file.

133 GroovyGamera the Skirmisher (level 4, -4/61 HPs)
             Began as a Minotaur Berserker on June 25, 2018.
             Was a Believer of Trog.
             Slain by an ogre
             ... wielding a cursed -3 giant spiked club
              (18 damage)
             ... on level 3 of the Dungeon.
             The game lasted 00:04:00 (1525 turns).

GroovyGamera the Skirmisher (Minotaur Berserker)    Turns: 1525, Time: 00:04:01

Health: -4/61      AC:  9    Str: 26    XL:     4   Next: 93%
Magic:  3/3        EV:  9    Int:  4    God:    Trog [**....]
Gold:   108        SH:  0    Dex: 11    Spells: 3/3 levels left

rFire    . . .     SeeInvis .   a - +0 hand axe
rCold    . . .     Gourm    .   (no shield)
rNeg     . . .     Faith    .   o - +0 chain mail
rPois    .         Spirit   .   (helmet restricted)
rElec    .         Reflect  .   (no cloak)
rCorr    .         Harm     .   (no gloves)
MR       ++...                  (no boots)
Stlth    ..........             (no amulet)
HPRegen  1.20/turn              (no ring)
MPRegen  0.08/turn              (no ring)

@: berserking (expiring), regenerating, very quick
A: retaliatory headbutt, horns 2
a: Berserk, Trog's Hand, Renounce Religion


You were on level 3 of the Dungeon.
You worshipped Trog.
Trog was pleased with you.
You were very hungry.

You visited 1 branch of the dungeon, and saw 3 of its levels.

You collected 108 gold pieces.

Inventory:

Hand Weapons
 a - a +0 hand axe (weapon)
Armour
 o - a +0 chain mail (worn)
Scrolls
 b - 2 scrolls of identify
 d - a scroll of teleportation {unknown}
 h - a scroll of remove curse {unknown}
 k - a scroll of noise {unknown}
 p - a scroll of random uselessness {unknown}
 s - a scroll of enchant armour {unknown}
Potions
 e - 2 potions of might {unknown}
 f - a potion of magic {unknown}
 g - a potion of lignification {unknown}
 i - a potion of brilliance {unknown}
 j - a potion of curing {unknown}
 m - a potion of resistance {unknown}
 r - a potion of heal wounds {unknown}
Comestibles
 c - 5 rations
 l - 10 chunks of flesh


   Skills:
 + Level 4.9 Fighting
 + Level 4.9 Axes
 + Level 4.1 Armour
 - Level 2.1 Dodging


You had 3 spell levels left.
You didn't know any spells.
Your spell library was empty.

Dungeon Overview and Level Annotations

Branches:
Dungeon (3/15)

Altars:


Innate Abilities, Weirdness & Mutations

You reflexively headbutt those who attack you in melee.
You have a pair of horns on your head.


Message History

An ogre comes into view. It is wielding a giant spiked club.
The ogre shouts!
Okay, then.
Your skin crawls.
You feel resistant to hostile enchantments.
You feel somewhat more hungry.
A frilled lizard comes into view.
A red film seems to cover your vision as you go berserk!
You feel yourself moving faster!
You feel mighty!
You are feeling very hungry.
You feel a strong urge to attack something.
The ogre hits you with a giant spiked club!!
You completely miss the ogre. You barely miss the ogre.
Your headbutt misses the ogre.
The ogre hits you with a giant spiked club!!
* * * LOW HITPOINT WARNING * * *
You hit the ogre. You headbutt the ogre!
The ogre is heavily wounded.
The ogre hits you with a giant spiked club!!
You die...

#....#....####.#.#
##.#.#.##.# #.#.#
#...#....####.#.#
###...##..).....#
###.#######...##
#......###.....#
#....#.##.......
#########....#.#........
.....lO@.......'........
..#######......#........
#..#.####....... #.##.#
##.....# #....# ##...##
#### ##'## #.# #.# ##.##


You could see an ogre and a frilled lizard.

Vanquished Creatures
  An orc priest (D:3)
  4 adders (D:2)
  An ooze (D:1)
  An adder zombie (D:2)
  An adder skeleton (D:2)
  A dart slug (D:3)
  4 orcs (D:3)
  A ball python (D:2)
  A bat skeleton (D:2)
  3 giant cockroaches
  2 goblins (D:1)
  8 hobgoblins
  5 jackals
  4 kobolds
  6 bats
  3 frilled lizards (D:2)
  5 rats
51 creatures vanquished.

Notes
Turn   | Place    | Note
-------+----------+-------------------------------------------
     0 | D:1      | GroovyGamera the Minotaur Berserker began the quest for the Orb.
     0 | D:1      | Reached XP level 1. HP: 19/19 MP: 0/0
    96 | D:1      | Reached XP level 2. HP: 18/27 MP: 1/1
   713 | D:2      | Reached XP level 3. HP: 32/33 MP: 2/2
   810 | D:2      | Reached ** piety under Trog
  1069 | D:2      | Reached XP level 4. HP: 39/41 MP: 3/3
  1517 | D:3      | Noticed an ogre
  1525 | D:3      | Slain by an ogre

Vault maps used:
D:1:      co_arrival_random_square_maze, serial_forest,
          infiniplex_forest_straight_4, infiniplex_forest_straight_3,
          infiniplex_forest_zigzag_2, infiniplex_forest_straight_1,
          minmay_tetromino_s2
D:2:      serial_undead, serial_undead_c, serial_undead_e, serial_undead_a,
          serial_undead_a, first_ration
D:3:      kennysheep_nub, minivault_27, uniq_jessica

Skill      XL: |  1  2  3  4 |
---------------+-------------+-----
Fighting       | 4 |  4.9
Axes           | 4 |  4.9
Armour         | 3 4 |  4.1
Dodging        | |  2.1

Action                   |  1- 3 |  4- 6 || total
-------------------------+-------+-------++-------
Melee: Hand axe          |    68 |    49 ||   117
       Headbutt          |     9 |    11 ||    20
Invok: Berserk           |       |     1 ||     1
       Trog's Hand       |       |     1 ||     1
  Use: Scroll            |       |     2 ||     2
  Eat: Chunk             |     1 |     1 ||     2
Armor: Animal skin       |     2 |       ||     2
       Chain mail        |    27 |    30 ||    57
Dodge: Dodged            |    34 |    16 ||    50

Table legend:
 A = Spawn XP
 B = Non-spawn XP
 C = Spawn XP percentage of total XP
 D = Spawn monster count
 E = Non-spawn monster count
 F = Spawn count percentage of total count
 G = Total turns spent on level
                    A         B        C        D         E        F      G
               +---------+---------+-------+---------+---------+-------+---------
         Total |       0 |     190 |   0.0 |       0 |      51 |   0.0 |  1525
               +---------+---------+-------+---------+---------+-------+---------
           D:1 |       0 |      25 |   0.0 |       0 |      11 |   0.0 |   695
           D:2 |       0 |     101 |   0.0 |       0 |      30 |   0.0 |   584
           D:3 |       0 |      64 |   0.0 |       0 |      10 |   0.0 |   246
               +---------+---------+-------+---------+---------+-------+---------
